 Dungeon Crawl Stone Soup version 0.22.1-2-g9c5b331 (webtiles) character file.

85 Lilu the Conjurer (level 4, -4/24 HPs)
             Began as a Deep Elf Conjurer on Nov 17, 2018.
             Slain by Crazy Yiuf
             ... wielding a +4 quarterstaff of chaos
              (10 damage)
             ... on level 2 of the Dungeon.
             The game lasted 00:05:44 (2427 turns).

Lilu the Conjurer (Deep Elf Conjurer)               Turns: 2427, Time: 00:05:46

Health: -4/24      AC:  3    Str:  5    XL:     4   Next: 25%
Magic:  5/12       EV:  7    Int: 21    God:
Gold:   152        SH:  0    Dex: 15    Spells: 9/12 levels left

rFire    . . .     SeeInvis .   (no weapon)
rCold    . . .     Gourm    .   (no shield)
rNeg     . . .     Faith    .   l - +0 robe (curse)
rPois    .         Spirit   .   (no helmet)
rElec    .         Reflect  .   (no cloak)
rCorr    .         Harm     .   f - +0 pair of gloves
MR       .....                  (no boots)
Stlth    ++........             (no amulet)
HPRegen  0.08/turn              h - ring of wizardry
MPRegen  0.13/turn              (no ring)

@: petrifying, very slow
A: no striking features
a: no special abilities


You were on level 2 of the Dungeon.
You were not hungry.

You visited 1 branch of the dungeon, and saw 2 of its levels.

You collected 152 gold pieces.

Inventory:

Armour
 f - a +0 pair of gloves (worn)
 l - a cursed +0 robe (worn)
Jewellery
 h - a ring of wizardry (left hand)
Scrolls
 b - 6 scrolls of remove curse {unknown}
 e - 3 scrolls of identify {unknown}
 g - a scroll of noise {unknown}
 m - a scroll of blinking {unknown}
Potions
 a - 2 potions of heal wounds {unknown}
 d - a potion of curing {unknown}
 j - a potion of degeneration {unknown}
 k - a potion of mutation {unknown}
 n - 2 potions of ambrosia {unknown}
Comestibles
 c - 5 rations
 i - 2 chunks of flesh


   Skills:
 - Level 2.4 Dodging
 - Level 2.4 Stealth
 + Level 4.8 Spellcasting
 + Level 5.4 Conjurations


You had 9 spell levels left.
You knew the following spells:

 Your Spells              Type           Power        Failure   Level  Hunger
a - Magic Dart            Conj           ####         1%          1    None
b - Searing Ray           Conj           ####..       1%          2    None

Your spell library contained the following spells:

 Spells                   Type           Power        Failure   Level  Hunger
 Dazzling Spray           Conj/Hex       ###...       4%          3    ##.....
 Iskenderun's Mystic Bla  Conj           ####....     4%          4    ####...
 Force Lance              Conj/Tloc      ###.....     14%         4    ####...
 Fulminant Prism          Conj/Hex       ###.......   14%         4    ####...


Dungeon Overview and Level Annotations

Branches:
Dungeon (2/15)

Altars:

Annotations:
D:2 Crazy Yiuf


Message History

Crazy Yiuf is moderately wounded.
Crazy Yiuf barely misses you.
The searing ray misses Crazy Yiuf.
You finish channeling your searing ray.
Crazy Yiuf hits you with a quarterstaff of chaos!
Ouch! That really hurt!
You are slowing down.
Unknown command.
Casting: Searing Ray (safe; 1% risk of failure)
Confirm with . or Enter, or press ? or * to list all spells.
Aiming: Searing Ray (safe; 1% risk of failure)
Press: ? - help, Shift-Dir - straight line, f/p - Crazy Yiuf
Aim: Crazy Yiuf, wielding a quarterstaff of chaos and wearing a glowing cloak The searing ray hits Crazy Yiuf.
Crazy Yiuf is severely wounded. (Press . to maintain the ray.) Crazy Yiuf says, "Crazy?
Crazy!?
PORCUPINE!"
Crazy Yiuf hits you with a quarterstaff of chaos!
* * * LOW HITPOINT WARNING * * *
You are electrocuted!
You die...

#.# #.# ### #.# ..#
### #.# #####
#.####...# .........#
### ♣♣#### ####
#.####...# #)..#♣♣
♣♣..+.## #.).
#.#####..#
#...g@♣♣♣♣......###.##
..#......#
#...#♣..♣...........#
###.###..# ###
♣♣♣.♣...+..###.## #.#
##.# ♣♣♣♣♣##### #.#.
###.# #)# #.#.
..#.####.#######
####### #.#.
#.#............#
#.#.#.# #.#.
#.######...#####
#...#.# #... #.#
##.....## ##.###.#
###.


You could see Crazy Yiuf.

Vanquished Creatures
  3 adders (D:2)
  A worm (D:2)
  4 dart slugs (D:1)
  A leopard gecko (D:2)
  3 bats
  7 goblins
  5 hobgoblins
  2 jackals (D:2)
  9 kobolds
  2 ball pythons
  5 frilled lizards
  3 rats
45 creatures vanquished.

Notes
Turn   | Place    | Note
-------+----------+-------------------------------------------
     0 | D:1      | Lilu the Deep Elf Conjurer began the quest for the Orb.
     0 | D:1      | Reached XP level 1. HP: 10/10 MP: 6/6
   184 | D:1      | Reached XP level 2. HP: 15/15 MP: 4/8
   739 | D:1      | Reached skill level 5 in Conjurations
   739 | D:1      | Reached XP level 3. HP: 19/19 MP: 0/10
  1208 | D:2      | Learned a level 2 spell: Searing Ray
  1711 | D:2      | Reached XP level 4. HP: 24/24 MP: 10/12
  2111 | D:2      | Found a runed door.
  2422 | D:2      | Noticed Crazy Yiuf
  2427 | D:2      | Slain by Crazy Yiuf

Skill      XL: |  1  2 |
---------------+-------+-----
Spellcasting   | 4 |  4.8
Conjurations   | 5 |  5.4
Dodging        | |  2.4
Stealth        | |  2.4

Action                   |  1- 3 |  4- 6 || total
-------------------------+-------+-------++-------
 Cast: Magic Dart        |    58 |    18 ||    76
       Searing Ray       |     2 |     5 ||     7
  Eat: Chunk             |     2 |     2 ||     4
Dodge: Dodged            |     5 |     6 ||    11
